 Dungeon Crawl Stone Soup version 0.19-a0-1889-g9c603be (console) character file.

462 ChaseSP the Spear-Bearer (level 7, -3/50 HPs)
             Began as a Merfolk Gladiator on Oct 18, 2016.
             Slain by an ogre
             ... wielding a +0 giant spiked club
              (12 damage)
             ... on level 4 of the Dungeon.
             The game lasted 00:06:22 (2742 turns).

ChaseSP the Spear-Bearer (Merfolk Gladiator)        Turns: 2742, Time: 00:06:23

Health: -3/50      AC: 10    Str: 16    XL:     7   Next: 7%
Magic:  7/7        EV:  8    Int:  7    God:
Gold:   346        SH:  0    Dex: 16    Spells: 0 memorised, 6 levels left

rFire  . . .     SeeInvis .     a - +0 trident
rCold  . . .     Gourm    .     A - +0 chain mail
rNeg   + . .     Faith    .     (no shield)
rPois  .         Spirit   .     c - +0 helmet
rElec  .         Reflect  .     s - +0 cloak
rCorr  .         Harm     .     (no gloves)
MR     +....                    (no boots)
Stlth  ..........               (no amulet)
                                y - ring of positive energy
                                k - ring of protection from magic

@: no status effects
A: change form in water, swift swim, stealthy swim
a: no special abilities


You were on level 4 of the Dungeon.
You were not hungry.

You visited 1 branch of the dungeon, and saw 4 of its levels.

You collected 346 gold pieces.

Inventory:

Hand Weapons
 a - a +0 trident (weapon)
Missiles
 d - 3 throwing nets (quivered)
Armour
 c - a +0 helmet (worn)
 s - a +0 cloak (worn)
 A - a +0 chain mail (worn)
Jewellery
 k - a ring of protection from magic (left hand)
 y - a ring of positive energy (right hand)
 z - a +4 ring of intelligence
Wands
 w - a wand of paralysis (5/24)
Scrolls
 e - a scroll of enchant armour {unknown}
 g - 2 scrolls of identify {unknown}
 n - 3 scrolls of blinking {unknown}
 o - a scroll of remove curse {unknown}
 q - a scroll of amnesia {unknown}
 r - 3 scrolls of recharging {unknown}
Potions
 b - a potion of curing {unknown}
 i - 2 potions of lignification {unknown}
 j - a potion of agility {unknown}
 m - 3 potions of flight {unknown}
 p - 3 potions of might {unknown}
 u - a potion of brilliance {unknown}
 x - a potion of haste {unknown}
Books
 B - a book of Minor Magic

   Spells                             Type                      Level
   a - Magic Dart                     Conjuration                  1
   b - Blink                          Translocation                2
   c - Call Imp                       Summoning                    2
   d - Repel Missiles                 Charms/Air                   2
   e - Slow                           Hexes                        2
   f - Conjure Flame                  Conjuration/Fire             3
   g - Mephitic Cloud                 Conjuration/Poison/Air       3
Comestibles
 f - 5 bread rations
 h - 2 slices of pizza
 l - a beef jerky
 t - a royal jelly
 v - a chunk of flesh


   Skills:
 - Level 2.1 Fighting
 + Level 10.9 Polearms
 - Level 2.0 Throwing
 - Level 4.0 Dodging


You had 6 spell levels left.
You didn't know any spells.

Dungeon Overview and Level Annotations

Branches:
Dungeon (4/15)
 Temple: D:4-7

Altars:
Elyvilon
Gozag
Makhleb
Trog
Zin


Message History

The ogre hits you with a giant spiked club!!
You hit the ogre.
The ogre is heavily wounded.
The ogre hits you with a giant spiked club!
* * * LOW HITPOINT WARNING * * *
You are too injured to fight recklessly!
You are too injured to fight recklessly!
You are too injured to fight recklessly!
You hit the ogre but do no damage.
The ogre is heavily wounded.
Your chain mail prevents you from hitting the ogre.
The ogre is heavily wounded.
The ogre hits you with a giant spiked club.
* * * LOW HITPOINT WARNING * * *
You hit the ogre.
The ogre is severely wounded.
You hit the ogre.
The ogre is almost dead.
The ogre hits you with a giant spiked club!
You die...

...####.....#.#...#
#...........# ....#
#...........####..#
#...........####..#
#...........##....#
#..........# #....#
###..........# #....#
#............# #....#
#...@####.######....#
#...O# #...........#
###†## ########..#.#
... #..#.# .....
#..#.# .......
######..#.. .>.......
........###
........... #######.#
# ##.......)..# #.###


You could see an ogre.

Vanquished Creatures
  A water moccasin (D:4)
  An orc priest (D:4)
  3 hounds (D:4)
  Jessica (D:3)
  Ijyb (D:3)
  2 orc wizards
  4 adders
  7 worms
  2 dart slugs
  2 leopard geckos
  17 orcs
  3 ball pythons
  8 bats
  4 goblins
  4 hobgoblins
  2 jackals (D:3)
  A ball python skeleton (D:4)
  3 kobolds
  A leopard gecko skeleton (D:4)
  6 rats
73 creatures vanquished.

Notes
Turn   | Place    | Note
-------+----------+-------------------------------------------
     0 | D:1      | ChaseSP the Merfolk Gladiator began the quest for the Orb.
     0 | D:1      | Reached XP level 1. HP: 16/16 MP: 1/1
   277 | D:1      | Reached skill level 5 in Polearms
   281 | D:1      | Reached XP level 2. HP: 22/22 MP: 2/2
   960 | D:2      | Found a bloodstained altar of Trog.
  1062 | D:2      | Reached skill level 6 in Polearms
  1062 | D:2      | Reached XP level 3. HP: 27/27 MP: 3/3
  1439 | D:3      | Noticed a cacodemon
  1440 | D:3      | Found a burning altar of Makhleb.
  1658 | D:2      | Reached skill level 7 in Polearms
  1658 | D:2      | Reached XP level 4. HP: 22/33 MP: 4/4
  1695 | D:3      | Noticed Ijyb
  1713 | D:3      | Killed Ijyb
  1845 | D:3      | Found a glowing silver altar of Zin.
  1846 | D:3      | Noticed an angel
  1897 | D:3      | Reached skill level 8 in Polearms
  1897 | D:3      | Reached XP level 5. HP: 38/38 MP: 5/5
  1996 | D:3      | Noticed Jessica
  1997 | D:3      | Found a white marble altar of Elyvilon.
  2004 | D:3      | Killed Jessica
  2165 | D:3      | Reached skill level 9 in Polearms
  2260 | D:4      | Reached XP level 6. HP: 38/44 MP: 6/6
  2368 | D:4      | Reached skill level 10 in Polearms
  2408 | D:4      | Found an opulent altar of Gozag.
  2647 | D:4      | Noticed a water moccasin
  2659 | D:4      | Killed a water moccasin
  2659 | D:4      | Reached XP level 7. HP: 38/50 MP: 7/7
  2742 | D:4      | Slain by an ogre

Vault maps used:
D:1:      elethiomel_arrival_quiet
D:2:      lemuel_crystal_altar
D:3:      grunt_temple_overflow_order_and_chaos_2, elyvilon_altar_5,
          first_bread, uniq_jessica, uniq_iyjb
D:4:      grunt_gozag_breadcrumbs, uniq_grinder

Skill      XL: |  1  2  3  4  5  6 |
---------------+-------------------+-----
Polearms       | 5 6 7 8 9 10 | 10.9
Fighting       | |  2.1
Throwing       | |  2.0
Dodging        | |  4.0

Action                   |  1- 3 |  4- 6 |  7- 9 || total
-------------------------+-------+-------+-------++-------
Melee: Trident           |   103 |   198 |    14 ||   315
Throw: Throwing net      |     1 |       |       ||     1
 Stab: Held in net/web   |     1 |       |       ||     1
  Eat: Chunk             |     2 |     4 |       ||     6
Armor: Leather armour    |    14 |     5 |       ||    19
       Ring mail         |       |    19 |       ||    19
       Chain mail        |       |    34 |       ||    34
Dodge: Dodged            |    60 |    88 |     1 ||   149
